Map: [ESL] Crimson Court

Players

Reynor - Winner!

  • Race: Terran Terran
  • League: Master
  • Spawn Location: 1:00

msrm

  • Race: Zerg Zerg
  • Spawn Location: 7:00

Event: Bellum Gens Elite Stara Zagora 2024

VOD

Have the link to the VOD?

Description

Time

  • Played on: Sept. 5, 2024, 7:27 a.m.
  • Length: 7:51

All games in this series

Show
View Real Time Build Order
Export as new Build Order

Reynor Terran - Winner!

Build Orders: 1/1/1, Cyclone Opening 

Get SALT Encoding   

  12  0:00  SCV  
  13  0:12  SCV  
  14  0:17  Supply Depot  
  14  0:24  SCV  
  15  0:39  SCV  
  15  0:40  Barracks  
  16  0:42  Refinery  
  16  0:51  SCV  
  17  1:03  SCV  
  18  1:04  Refinery  
  18  1:15  SCV  
  19  1:26  Marine  
  19  1:27  Orbital Command  
  19  1:29  Supply Depot  
  20  1:38  Factory  
  20  1:44  Marine  
  21  1:54  SCV, Bunker  
  22  2:02  Marine  
  22  2:06  SCV  
  24  2:11  Supply Depot  
  24  2:21  Cyclone  
  26  2:26  Starport  
  26  2:27  SCV  
  27  2:30  Marine  
  28  2:39  SCV  
  29  2:48  Supply Depot, Marine  
  30  2:52  SCV  
  30  2:53  Cyclone  
  34  3:06  Marine  
  34  3:10  Starport Tech Lab  
  34  3:11  Supply Depot  
  34  3:28  Cloaking Field, Banshee  
  37  3:40  Command Center  
  37  3:48  Cyclone  
  39  3:53  SCV  
  40  4:09  SCV  
  41  4:11  Barracks Reactor  
  41  4:13  Supply Depot  
  41  4:20  Factory Tech Lab  
  41  4:30  Supply Depot  
  40  4:34  Banshee  
  40  4:35  SCV  
  44  4:40  Siege Tank  
  47  4:51  SCV  
  48  4:53  Marine  
  48  4:54  Orbital Command, Marine  
  50  5:04  SCV  
  51  5:08  Barracks  
  51  5:11  Marine x2  
  53  5:16  SCV  
  52  5:28  SCV  
  51  5:29  Marine x2  
  51  5:33  Raven  
  54  5:40  SCV  
  55  5:47  Marine x2  
  54  5:52  SCV  
  49  5:59  Orbital Command  
  49  6:02  Siege Tank  
  50  6:04  SCV  
  50  6:05  Marine x2  
  52  6:16  SCV  
  46  6:21  Banshee  
  46  6:22  Barracks Tech Lab  
  46  6:23  Marine  
  49  6:26  Marine  
  49  6:28  SCV  
  49  6:29  SCV  
  52  6:40  SCV  
  52  6:42  SCV  
  52  6:45  Siege Tank, Marine  
  53  6:49  Marine  
  53  6:52  SCV  
  53  6:54  SCV, Marine  
  56  7:03  Marine  
  56  7:05  SCV  
  56  7:07  Marine  
  58  7:12  Marine  
  58  7:17  Siege Tank  
  58  7:21  Marine  
  62  7:24  Marine, Bunker  
  62  7:29  Marine  
  63  7:47  Supply Depot  
Show
View Real Time Build Order
Export as new Build Order

msrm Zerg 

Build Orders: Hatch First 

Get SALT Encoding   

  12  0:00  Drone  
  13  0:09  Drone  
  14  0:14  Extractor  
  14  0:16  Drone  
  15  0:39  Hatchery  
  14  0:46  Drone, Extractor  
  15  0:50  Overlord  
  15  1:04  Spawning Pool  
  15  1:08  Drone  
  15  1:12  Drone  
  15  1:15  Drone  
  17  1:28  Extractor  
  17  1:30  Drone x2  
  18  1:41  Drone  
  19  1:51  Roach Warren, Queen  
  20  1:58  Queen  
  20  2:00  Drone  
  23  2:03  Extractor  
  22  2:09  Drone  
  22  2:11  Overlord  
  23  2:19  Drone  
  24  2:32  Roach  
  24  2:33  Roach x2  
  30  2:37  Drone  
  30  2:39  Drone  
  32  2:49  Overlord  
  32  2:58  Drone  
  32  3:01  Overlord  
  33  3:16  Ravager x3  
  33  3:18  Queen  
  38  3:25  Drone  
  38  3:26  Drone x2  
  41  3:45  Lair  
  41  3:46  Drone  
  41  3:47  Drone, Overlord  
  43  3:56  Queen  
  45  4:15  Overlord  
  45  4:16  Overlord  
  45  4:18  Drone  
  45  4:19  Drone x2  
  45  4:22  Unknown  
  47  4:33  Queen  
  49  4:48  Infestation Pit  
  49  4:51  Roach  
  49  4:52  Roach x2  
  54  4:55  Drone x4  
  56  5:00  Spore Crawler  
  56  5:05  Overseer  
  52  5:12  Drone x3  
  42  5:27  Roach x2  
  40  5:37  Queen  
  21  6:05  Roach  
  21  6:06  Roach x3  
  26  6:19  Drone x2  
  26  6:54  Ravager x4  
  30  7:02  Drone x2  
  30  7:03  Drone x4  
  36  7:13  Queen  
Tags
 
Add a new tag
Caveats
  • Supply blocks, unpowered buildings, or Contaminate may cause inaccurate times.
  • Supply counts are checked every 10 seconds.